 Dungeon Crawl Stone Soup version 0.29.1-12-g30fa7ad0bf (webtiles) character file.

Game seed: 12276719661085096119

49524 Lutefisk the Zephyrmancer (level 14, -10/88 HPs)
             Began as a Tengu Air Elementalist on Dec 18, 2022.
             Was an Elder of Sif Muna.
             Mangled by Urug
             ... wielding a +0 demon trident of freezing
              (33 damage)
             ... on level 13 of the Dungeon.
             The game lasted 01:45:55 (12645 turns).

Lutefisk the Zephyrmancer (Tengu Air Elementalist) Turns: 12645, Time: 01:45:55

Health: -10/88     AC: 12    Str: 11    XL:     14   Next: 51%
Magic:  17/29      EV: 17    Int: 27    God:    Sif Muna [****..]
Gold:   1452       SH: 12    Dex: 18    Spells: 19/33 levels left

rFire   + . .      SeeInvis +   K - +9 war axe of Indomitability {protect, rF+ rN+ Stlth-}
rCold   . . .      Faith    .   m - +0 kite shield of the Maze {Will++ Int+4 Dex+4}
rNeg    + . .      Spirit   .   P - +2 ring mail {rPois}
rPois   +          Reflect  .   (helmet restricted)
rElec   .          Harm     .   g - +0 cloak
rCorr   .          Rampage  .   z - +0 pair of gloves
Will    +++..                   (boots unavailable)
Stlth   +.........              (no amulet)
HPRegen 0.24/turn               S - ring "Bikiweil" {Int+4 Slay+4}
MPRegen 0.21/turn               F - ring of see invisible

@: flying quickly and evasively, hasted, very quick
A: beak, talons 3, nimble flight
a: Renounce Religion, Channel Magic, Forget Spell, Divine Exegesis


You were on level 13 of the Dungeon.
You worshipped Sif Muna.
Sif Muna was greatly pleased with you.
You visited 4 branches of the dungeon, and saw 20 of its levels.
You also visited: Ice Cave.

You collected 1488 gold pieces.
You spent 36 gold pieces at shops.

Inventory:

Hand Weapons
 I - a +4 long sword
 K - the +9 war axe of Indomitability (weapon) {protect, rF+ rN+ Stlth-}
   (You found it on level 8 of the Dungeon)

   It grants its wielder temporary protection when it strikes (+7 to AC).
   rF:        It protects you from fire.
   rN:        It protects you from negative energy.
   Stlth:     It makes you less stealthy.
Missiles
 x - 16 poisoned darts (quivered)
Armour
 g - a +0 cloak (worn)
 m - the +0 kite shield of the Maze (worn) {Will++ Int+4 Dex+4}
   (You found it on level 5 of the Lair of Beasts)

   Int:       It affects your intelligence (+4).
   Dex:       It affects your dexterity (+4).
   Will:      It greatly increases your willpower.
 y - +0 fire dragon scales
 z - a +0 pair of gloves (worn)
 J - a +2 leather armour of fire resistance
 P - a +2 ring mail of poison resistance (worn)
 Q - +0 acid dragon scales
Magical Staves
 f - a staff of earth
Jewellery
 d - a ring of fire
 u - a ring of ice
 w - a ring of protection from cold
 F - a ring of see invisible (right hand)
 S - the ring "Bikiweil" (left hand) {Int+4 Slay+4}
   (You found it on level 10 of the Dungeon)

   [ring of slaying]

   Int:       It affects your intelligence (+4).
   Slay:      It affects your accuracy & damage with ranged weapons and melee
   (+4).
 V - a ring of ice
Wands
 a - a wand of digging (6)
 v - a wand of polymorph (26)
 C - a wand of flame (26)
 H - a wand of mindburst (4)
 O - a wand of quicksilver (6)
 R - a wand of paralysis (5)
 X - a wand of iceblast (5)
Scrolls
 e - a scroll of silence
 h - 6 scrolls of immolation
 i - 4 scrolls of teleportation
 j - a scroll of summoning
 n - 4 scrolls of vulnerability
 o - 2 scrolls of magic mapping
 p - a scroll of fear
 q - 3 scrolls of enchant armour
 r - 5 scrolls of poison
 A - 2 scrolls of amnesia
 U - 3 scrolls of enchant weapon
 W - a scroll of brand weapon {unknown}
Potions
 b - 3 potions of magic
 c - 6 potions of ambrosia
 l - 2 potions of mutation
 s - 2 potions of invisibility
 t - 2 potions of brilliance
 B - 3 potions of might
 D - a potion of heal wounds
 E - 3 potions of haste
 G - 7 potions of curing
 L - 3 potions of attraction
 M - a potion of cancellation
 N - a potion of lignification
 T - 3 potions of resistance
Miscellaneous
 k - a box of beasts (inert)


   Skills:
 - Level 10.0 Fighting
 - Level 1.0 Throwing
 - Level 10.0 Armour
 - Level 10.0 Dodging
 - Level 2.0 Stealth
 - Level 10.0 Shields
 - Level 10.0 Spellcasting
 - Level 3.0 Conjurations
 - Level 1.0 Translocations
 * Level 13.3 Air Magic
 - Level 6.0 Invocations
 - Level 5.0 Evocations


You had 19 spell levels left.
You knew the following spells:

 Your Spells              Type           Power      Damage    Failure   Level
a - Shock                 Conj/Air       100%       1d9       1%          1
b - Static Discharge      Conj/Air       55%        3-10/arc  1%          2
c - Swiftness             Air            71%        N/A       1%          3
d - Airstrike             Air            35%        2d(6-22)  1%          4
e - Passwall              Tmut/Erth      10%        N/A       28%         2
f - Blink                 Tloc           36%        N/A       19%         2

Your spell library contained the following spells:

 Spells                   Type           Power      Damage    Failure   Level
 Magic Dart               Conj           100%       1d8       5%          1
 Searing Ray              Conj           58%        2d6       9%          2
 Foxfire                  Conj/Fire      84%        2x1d8     11%         1
 Apportation              Tloc           36%        N/A       13%         1
 Necrotise                Necr           52%        1d6       19%         1
 Summon Small Mammal      Summ           52%        N/A       19%         1
 Ensorcelled Hibernation  Hex/Ice        26%        N/A       28%         2
 Conjure Flame            Conj/Fire      21%        6-21      30%         3
 Dazzling Flash           Conj/Hex       42%        N/A       30%         3
 Silence                  Hex/Air        24%        N/A       34%         5
 Lesser Beckoning         Tloc           18%        N/A       36%         3
 Confusing Touch          Hex            13%        N/A       50%         3
 Inner Flame              Hex/Fire       13%        N/A       50%         3
 Ozocubu's Armour         Ice            13%        N/A       50%         3
 Flame Wave               Conj/Fire      21%        2d8       71%         4
 Fulminant Prism          Conj/Hex       10%        3d9       71%         4
 Animate Armour           Summ/Erth      26%        N/A       88%         4
 Manifold Assault         Tloc           18%        N/A       98%         5
 Agony                    Necr           13%        N/A       99%         5
 Alistair's Intoxication  Tmut/Pois      8%         N/A       99%         5
 Blade Hands              Tmut           6%         N/A       99%         5
 Borgnjor's Vile Clutch   Necr/Erth      6%         N/A       99%         5
 Yara's Violent Unravell  Hex/Tmut       6%         3d5       99%         5
 Eringya's Noxious Bog    Tmut/Pois      6%         N/A       100%        6
 Iron Shot                Conj/Erth      10%        9d3       100%        6
 Enfeeble                 Hex            6%         N/A       100%        7
 Ozocubu's Refrigeration  Ice            6%         4d8       100%        7


Dungeon Overview and Level Annotations

Branches:
Dungeon (13/15)            Temple (1/1) D:5            Lair (5/5) D:10
  Swamp (0/4) Lair:3        Snake (0/4) Lair:3        Slime (0/5) Lair:5
    Orc (1/2) D:9           IceCv (visited)
 Vaults: D:13-14

Altars:
Ashenzari
Cheibriados
Dithmenos
Elyvilon
Gozag
Makhleb
Nemelex Xobeh
Okawaru
Qazlal
Ru
Sif Muna
Trog
Uskayaw
Vehumet
Wu Jian
Yredelemnul
Zin
The Shining One

Shops:
D:2 (   D:4 [   D:5 [   D:9 (   D:10 *

Annotations:
D:2 Terence
D:12 Lodul
D:13 Urug
Lair:1 exclusion: oklob plant
Lair:4 1 runed translucent door, exclusion: ice statue, TheSexyCheese's ghost, journeyman HOFi


Innate Abilities, Weirdness & Mutations

You have a beak for a mouth.
You have claws for feet.
Your magical nature lets you fly swiftly and evasively.


Message History

Casting: Airstrike (mildly dangerous; 1% risk of failure)
Confirm with . or Enter, or press ? or * to list all spells.
Aiming: Airstrike (mildly dangerous; 1% risk of failure)
Press: ? - help, Dir - move target, f/p - cyclops
Aim: a cyclops, quivering large rocks (heavily wounded, empty space bonus: 7/8)
The air twists around and strikes the cyclops!!
You kill the cyclops!
Sif Muna accepts your kill.
Unknown command.
c - 6 potions of ambrosia (gained 2) Urug the Orcish Ballista comes into view.
She is wielding a +0 demon trident of freezing.
Urug shouts!
Casting: Airstrike (mildly dangerous; 1% risk of failure)
Confirm with . or Enter, or press ? or * to list all spells.
Okay, then.
Urug throws a javelin.
The javelin barely misses you.
Casting: Airstrike (mildly dangerous; 1% risk of failure)
Confirm with . or Enter, or press ? or * to list all spells.
Urug is struck by an arc of lightning!
Urug is lightly wounded.
You are struck by an arc of lightning.
Urug is struck by an arc of lightning!
Urug is moderately wounded.
You are struck by an arc of lightning.
The lightning grounds out.
Urug drinks a potion.
Urug goes berserk!
Unknown command.
Casting: Static Discharge (safe; 1% risk of failure)
Confirm with . or Enter, or press ? or * to list all spells.
Urug is struck by an arc of lightning.
Urug is moderately wounded.
You are struck by an arc of lightning.
The lightning grounds out.
Urug hits you but does no damage.
Urug hits you with a +0 demon trident of freezing!!!
Urug freezes you!
* * * LOW HITPOINT WARNING * * *
Unknown command.
Okay, then.
Unknown command.
You feel yourself speed up.
Urug hits you with a +0 demon trident of freezing!!
You die...

######## .......#
######### ##
.#.###.###.......###.##
.....#.##...(....o..#.#
...#.........##.@###.#
.. ...###.##...###..#
#.# #. ...###.###.##
#..# #.# #. .......#
#.......# #o# #.
#.###### #.####### #.#
#. ....# ##+## ... #.
....# ##...## ..# #.
....# ##.....## ..# #)
....###.......## ###


You could see Urug (berserk).

Vanquished Creatures
  Snorg (D:11)
  A fire dragon (Lair:5)
  Fannar (D:12)
  4 boulder beetles
  5 hydras
  A centaur warrior (D:12)
  A catoblepas (Lair:5)
  An ogre mage (D:12)
  5 two-headed ogres
  Nergalle (D:12)
  A lindwurm (Lair:5)
  3 deep elf pyromancers
  An ugly thing (IceCv)
  2 manticores
  2 cyclopes
  7 elephants
  Maurice (D:8)
  Joseph (D:8)
  2 molten gargoyles (Lair:5)
  7 black mambas
  2 gargoyles
  A torpor snail (Lair:4)
  7 cane toads
  12 komodo dragons
  2 rime drakes (Lair:3)
  An unseen horror (D:12)
  A kobold demonologist (D:13)
  2 polar bears (Lair:4)
  2 trolls
  3 meliai (D:13)
  A hornet (Lair:4)
  2 slime creatures (D:12)
  6 dream sheep (Lair:3)
  3 blink frogs (Lair:5)
  3 wyverns (Lair:5)
  8 basilisks
  3 vampires
  3 wraiths (D:12)
  24 yaks
  5 steam dragons
  A vampire mosquito (D:12)
  3 nagas (Lair:3)
  2 acid dragons
  4 hell hounds (Lair:5)
  Duvessa (D:7)
  10 water moccasins
  4 orc warriors
  6 ice beasts (Lair:4)
  A sky beast (D:6)
  A black bear (D:4)
  10 ogres
  4 centaurs
  6 wolves (Lair:2)
  2 kobold brigands
  Blork the orc (D:5)
  A gnoll sergeant (D:8)
  14 bullfrogs
  2 necrophages
  2 scorpions (D:7)
  6 wights
  Dowan (D:7)
  2 jellies
  12 killer bees
  An electric eel (D:9)
  8 howler monkeys
  5 lava snakes (Lair:5)
  8 orc priests
  2 hounds
  Crazy Yiuf (D:7)
  Ijyb (D:5)
  3 iguanas
  11 orc wizards
  A polar bear simulacrum (IceCv)
  A wolf simulacrum (IceCv)
  Robin (D:3)
  9 gnolls
  9 adders
  5 white imps
  An ufetubus (D:7)
  2 dart slugs
  32 orcs
  4 bats
  5 endoplasms
  8 giant cockroaches
  14 goblins
  12 hobgoblins
  4 jackals (D:4)
  12 kobolds
  4 quokkas
  5 ball pythons
  A frilled lizard (D:2)
  5 rats
410 creatures vanquished.

Vanquished Creatures (collateral kills)
  A hydra (Lair:5)
  A cane toad (Lair:5)
  A troll (D:12)
  A slime creature (D:12)
  2 yaks (Lair:5)
  A basilisk (Lair:5)
7 creatures vanquished.

Vanquished Creatures (others)
  14 fungi
  35 plants
49 creatures vanquished.

Grand Total: 466 creatures vanquished

Notes
Turn   | Place    | Note
-------+----------+-------------------------------------------
     0 | D:1      | Lutefisk the Tengu Air Elementalist began the quest for the
                  | Orb.
     0 | D:1      | Reached XP level 1. HP: 10/10 MP: 4/4
    98 | D:1      | Reached skill level 1 in Fighting
   151 | D:1      | Reached XP level 2. HP: 9/16 MP: 4/6
   302 | D:1      | Found a faded altar of an unknown god.
   365 | D:1      | Reached XP level 3. HP: 19/22 MP: 5/7
   508 | D:2      | Reached XP level 4. HP: 27/28 MP: 0/8
   525 | D:2      | Learned a level 2 spell: Static Discharge
   529 | D:2      | Noticed Terence
   586 | D:2      | Found Durrype's Weapon Shoppe.
   624 | D:2      | Reached skill level 5 in Air Magic
   863 | D:3      | Gained mutation: Your magical nature lets you fly swiftly
                  | and evasively. [Tengu growth]
   863 | D:3      | Reached XP level 5. HP: 25/32 MP: 1/9
  1110 | D:4      | Reached skill level 1 in Armour
  1147 | D:4      | Noticed an ogre
  1199 | D:3      | Noticed Robin
  1220 | D:3      | Killed Robin
  1221 | D:3      | Reached skill level 6 in Air Magic
  1278 | D:3      | Reached skill level 1 in Evocations
  1328 | D:4      | Found a hide-covered altar of Uskayaw.
  1341 | D:4      | Learned a level 3 spell: Swiftness
  1367 | D:4      | Found a basalt altar of Yredelemnul.
  1382 | D:4      | Reached XP level 6. HP: 36/37 MP: 4/10
  1503 | D:4      | Noticed a black bear
  1517 | D:4      | Killed a black bear
  1581 | D:4      | Reached skill level 7 in Air Magic
  1581 | D:4      | Reached XP level 7. HP: 9/43 MP: 0/11
  1664 | D:4      | Learned a level 4 spell: Airstrike
  1836 | D:4      | Reached skill level 1 in Throwing
  1846 | D:4      | Found Estrywad's Armour Emporium.
  1878 | D:5      | Entered Level 5 of the Dungeon
  1896 | D:5      | Found Ipnonih's Antique Armour Shoppe.
  1909 | D:5      | Noticed Blork the orc
  1917 | D:5      | Killed Blork the orc
  1918 | D:5      | Found a staircase to the Ecumenical Temple.
  1927 | D:5      | Noticed Ijyb
  1929 | Temple   | Entered the Ecumenical Temple
  2305 | D:5      | Killed Ijyb
  2306 | D:5      | Reached skill level 8 in Air Magic
  2399 | D:5      | Found an opulent altar of Gozag.
  2643 | D:6      | Noticed a steam dragon
  2652 | D:6      | Killed a steam dragon
  2653 | D:6      | Reached XP level 8. HP: 30/48 MP: 0/13
  2665 | D:6      | Found a shadowy altar of Dithmenos.
  2970 | D:6      | Reached skill level 5 in Fighting
  3260 | D:7      | Noticed Duvessa
  3260 | D:7      | Noticed Dowan
  3331 | D:6      | Reached skill level 5 in Dodging
  3556 | D:7      | Reached skill level 9 in Air Magic
  3565 | D:7      | Reached XP level 9. HP: 20/54 MP: 0/14
  3640 | D:7      | Reached skill level 10 in Air Magic
  3816 | D:7      | Found a shimmering blue altar of Sif Muna.
  3822 | D:7      | Became a worshipper of Sif Muna the Loreminder
  3865 | D:7      | Killed Duvessa
  3866 | D:7      | Killed Dowan
  3935 | D:8      | Found a sacrificial altar of Ru.
  3956 | D:8      | Identified the +9 war axe of Indomitability {protect, rF+
                  | rN+ Stlth-}
  4071 | D:8      | Noticed Joseph
  4127 | D:7      | Found a runed translucent door.
  4128 | D:7      | Noticed Crazy Yiuf
  4142 | D:7      | Killed Crazy Yiuf
  4248 | D:8      | Noticed Maurice
  4323 | D:8      | Killed Maurice
  4324 | D:8      | Reached skill level 5 in Spellcasting
  4384 | D:8      | Killed Joseph
  4385 | D:8      | Reached XP level 10. HP: 42/60 MP: 5/18
  4459 | D:8      | Found a sparkling altar of Nemelex Xobeh.
  4557 | D:9      | Noticed a two-headed ogre
  4561 | D:9      | Reached * piety under Sif Muna
  4740 | D:9      | Reached skill level 5 in Armour
  4884 | D:9      | Killed a two-headed ogre
  5174 | D:9      | Found Sadosurr's Weapon Shop.
  5175 | D:9      | Found a staircase to the Orcish Mines.
  5250 | D:10     | Entered Level 10 of the Dungeon
  5253 | D:10     | Noticed a two-headed ogre
  5261 | D:10     | Killed a two-headed ogre
  5368 | D:10     | Reached XP level 11. HP: 56/67 MP: 13/21
  5510 | D:10     | Identified the ring "Bikiweil" {Int+4 Slay+4}
  5535 | D:10     | Found a staircase to the Lair.
  5553 | D:9      | Noticed a cyclops
  5702 | Lair:1   | Entered Level 1 of the Lair of Beasts
  5929 | Lair:1   | Reached ** piety under Sif Muna
  5956 | Lair:1   | Noticed an oklob plant
  6560 | D:10     | Found Uca Esisudd's General Store.
  6577 | D:10     | Bought a scroll of teleportation for 36 gold pieces
  6595 | D:10     | Found a broken altar of Ashenzari.
  6640 | D:11     | Noticed a two-headed ogre
  6664 | D:10     | Noticed a two-headed ogre
  6680 | D:10     | Killed a two-headed ogre
  6718 | D:11     | Noticed a boulder beetle
  6728 | D:11     | Killed a boulder beetle
  6731 | D:11     | Noticed Snorg
  6903 | D:11     | Killed a two-headed ogre
  6968 | D:11     | Noticed a five-headed hydra
  6974 | D:11     | Killed a five-headed hydra
  7339 | D:11     | Noticed a boulder beetle
  7352 | D:11     | Killed a boulder beetle
  7353 | D:11     | Reached skill level 11 in Air Magic
  7353 | D:11     | Reached XP level 12. HP: 32/76 MP: 2/25
  7354 | D:11     | Killed Snorg
  7695 | D:11     | Noticed a boulder beetle
  7709 | D:11     | Killed a boulder beetle
  7710 | D:11     | Reached skill level 10 in Dodging
  7806 | D:11     | Learned a level 2 spell: Passwall
  7927 | D:12     | Noticed a boulder beetle
  8015 | D:12     | Noticed Fannar
  8047 | D:12     | Killed Fannar
  8112 | D:12     | Reached skill level 5 in Evocations
  8350 | Lair:2   | Reached *** piety under Sif Muna
  8459 | Lair:3   | Reached skill level 10 in Fighting
  8602 | Lair:3   | Reached skill level 12 in Air Magic
  8717 | Lair:3   | Found a staircase to the Swamp.
  8820 | Lair:3   | Reached XP level 13. HP: 35/82 MP: 2/27
  8976 | Lair:3   | Found a staircase to the Snake Pit.
  9069 | Lair:4   | Reached skill level 10 in Spellcasting
  9199 | Lair:4   | Noticed an ice dragon
  9494 | Lair:5   | Entered Level 5 of the Lair of Beasts
  9521 | Lair:5   | Identified the +0 kite shield of the Maze {Will++ Int+4
                  | Dex+4}
  9528 | Lair:5   | Reached skill level 1 in Shields
  9594 | Lair:5   | Found a frozen archway.
  9607 | IceCv    | Entered an ice cave
  9614 | IceCv    | Reached skill level 10 in Armour
  9750 | IceCv    | Found a transporter.
  9759 | IceCv    | Found a transporter.
  9784 | Lair:5   | Found a staircase to the Slime Pits.
  9931 | Lair:5   | Reached **** piety under Sif Muna
  9952 | Lair:5   | Reached skill level 5 in Shields
 10413 | Lair:5   | Found a large runed translucent door.
 10413 | Lair:5   | Found a large runed translucent door.
 10421 | Lair:5   | Noticed a fire dragon
 10518 | Lair:5   | Reached skill level 5 in Invocations
 10725 | Lair:5   | Killed a fire dragon
 10798 | Lair:4   | Reached XP level 14. HP: 44/88 MP: 16/29
 10840 | Lair:4   | Noticed TheSexyCheese's ghost (journeyman HOFi)
 10841 | Lair:4   | Found a runed translucent door.
 11118 | Orc:1    | Entered Level 1 of the Orcish Mines
 11671 | D:12     | Noticed Lodul
 11685 | D:12     | Reached skill level 10 in Shields
 11689 | D:12     | Reached ***** piety under Sif Muna
 11857 | D:12     | Received a gift from Sif Muna
 11918 | D:12     | Learned a level 2 spell: Blink
 11947 | D:12     | Noticed Nergalle
 11954 | D:12     | Killed Nergalle
 12115 | D:13     | Reached skill level 1 in Translocations
 12433 | D:13     | Reached skill level 13 in Air Magic
 12633 | D:13     | Noticed Urug
 12645 | D:13     | Mangled by Urug

Illustrated notes

Levels and vault maps discovered:
D:1:      tarquinn_simple_flora_water_a, layout_basic,
          chequers_ecumenical_altar_lobes
D:2:      layout_loops_ring, serial_shops, nicolae_square_shop,
          grunt_ministairs_5, minmay_crystal_water, uniq_terence
D:3:      minmay_general_purpose_star, layout_basic,
          regret_index_temple_of_mockery, corexii_item_surrounded_by_moat,
          nicolae_grassy_gnolls, uniq_robin
D:4:      layout_rooms, amcnicky_altar_gilded, overflow_temple_1_default,
          serial_shops, kennysheep_mini
D:5:      layout_basic, kennysheep_vampire_church,
          nicolae_gozag_cash_rules_everything_around_me,
          minmay_temple_entry_mini_moons, serial_shops,
          nicolae_shop_behind_doors, uniq_blork_the_orc, uniq_ijyb
D:6:      layout_gridville, grunt_dithmenos_smoke_and_mirrors
D:7:      layout_loops_ring, old_standard_altar, minmay_bent,
          uniq_crazy_yiuf_cottage, uniq_duvessa
D:8:      layout_rooms, nemelex_xobeh_ov_fountains_minmay,
          mainiacjoe_overflow_surrounded_room, dreamdust_princess_bridge,
          hangedman_decor_slide_cut, uniq_maurice, uniq_joseph
D:9:      layout_cross, orc_david_3, serial_column_ruins,
          column_ruins_square_small, column_ruins_hut,
          column_ruins_open_tiny_water, column_ruins_corridor_plus,
          column_ruins_corridor_straight, column_ruins_columns_plus,
          serial_bayou_ford_a, eino_jars
D:10:     nicolae_cairo_tiling, layout_cave_pools, lemuel_doored_altar,
          fedhas_altar_fruit_tree, dpeg_oklobed_lair, special_room
          [special_room_orc], serial_shops,
          nicolae_shop_temple_entry_statues_fountains
D:11:     layout_basic, uniq_snorg
D:12:     layout_roguey, minmay_checkerbox, uniq_fannar, uniq_lodul,
          uniq_nergalle
D:13:     layout_loops_corners, serial_rivers, chequers_serial_rivers_micro_a,
          chequers_serial_rivers_micro_c, chequers_serial_rivers_marsh,
          chequers_serial_rivers_room_a, chequers_serial_rivers_micro_a,
          uniq_urug
Temple:   hellmonk_temple_beads
Lair:1:   layout_chaotic_city, lemuel_fruit_fields, infiniplex_staircase_pool_2,
          lemuel_fruit_fields
Lair:2:   layout_cave_shapes, lemuel_fruit_tree
Lair:3:   layout_regular_city, swamp_mist, minmay_snake_entry_guardpost_small
Lair:4:   layout_cave_pods, serial_bayou, serial_bayou_shore_b,
          serial_bayou_crossing, serial_bayou_shore_b, serial_bayou_pond_e,
          serial_bayou_pond_c, hellmonk_ghost_happy_afterlife, ice2_lemuel,
          infiniplex_staircase_pool
Lair:5:   cheibrodos_lair_end_hotspot, layout_gridlike, slime_entry_1,
          portal_ice_cave_entry_pillars_2
Orc:1:    layout_caves, gammafunk_ghost_split

Skill      XL: |  1  2  3  4  5  6  7  8  9 10 11 12 13 14 |
---------------+-------------------------------------------+-----
Fighting       | 1 2 3 4 5 6 7 9 10 | 10.0
Conjurations   | 2 3 |  3.0
Air Magic      | 5 6 7 8 9 10 11 12 13 | 13.3
Armour         | 1 3 4 5 7 8 10 | 10.0
Dodging        | 3 4 5 7 9 10 | 10.0
Evocations     | 1 3 4 5 |  5.0
Throwing       | 1 |  1.0
Spellcasting   | 3 5 6 8 9 10 | 10.0
Invocations    | 3 4 5 6 |  6.0
Shields        | 8 10 | 10.0
Translocations | 1 |  1.0
Stealth        | |  2.0

Action                   |  1- 3 |  4- 6 |  7- 9 | 10-12 | 13-15 || total
-------------------------+-------+-------+-------+-------+-------++-------
Melee: Hand axe          |    19 |    13 |       |       |       ||    32
       Peck              |     2 |     5 |     9 |    18 |    19 ||    53
       Club              |     1 |       |       |       |       ||     1
       Kick              |     2 |     7 |    18 |    42 |    46 ||   115
       Long sword        |       |    19 |    13 |       |       ||    32
       Scimitar          |       |       |    42 |       |       ||    42
       Punch             |       |       |     1 |     1 |       ||     2
       War axe           |       |       |    16 |   109 |   130 ||   255
Throw: Dart              |       |       |     5 |    30 |     6 ||    41
 Cast: Shock             |    43 |    76 |   126 |    57 |    49 ||   351
       Static Discharge  |       |     6 |    14 |    49 |    57 ||   126
       Airstrike         |       |       |    20 |   100 |   118 ||   238
       Swiftness         |       |       |     1 |     1 |     1 ||     3
Invok: Channel Magic     |       |       |       |     2 |     2 ||     4
Evoke: Wand              |       |       |     2 |    15 |    16 ||    33
       Box of beasts     |       |       |       |     1 |     2 ||     3
  Use: Scroll            |       |       |       |    23 |    16 ||    39
       Potion            |       |       |       |     2 |    11 ||    13
 Stab: Sleeping          |     1 |     4 |     1 |       |       ||     6
Armor: Robe              |     9 |     8 |    16 |       |       ||    33
       Ring mail         |       |       |       |    64 |    84 ||   148
Dodge: Dodged            |    29 |    34 |   131 |   163 |   198 ||   555
Block: Kite shield       |       |       |       |       |    97 ||    97
       Buckler           |       |       |       |       |    11 ||    11
